 Dungeon Crawl Stone Soup version 0.16.0-8-gd9ae3a8 (webtiles) character file.

773 maniek23 the Ducker (level 7, -1/52 HPs)
             Began as a Vampire Skald on Mar 17, 2015.
             Was a Believer of Kikubaaqudgha.
             Slain by a gnoll
             ... wielding a +0 spear
              (9 damage)
             ... on level 5 of the Dungeon.
             The game lasted 01:23:29 (11516 turns).

maniek23 the Ducker (Vampire Skald)                Turns: 11516, Time: 01:23:30

Health: -1/52      AC:  2    Str: 12    XL:     7   Next: 53%
Magic:  10/13      EV: 14    Int: 15    God:    Kikubaaqudgha [**....]
Gold:   255        SH:  0    Dex: 13    Spells: 4 memorised, 6 levels left

rFire  . . .     SeeInvis +     S - +2 halberd (venom)
rCold  + . .     Clarity  .     J - +0 robe
rNeg   + + .     SustAb   .     (no shield)
rPois  +         Gourm    .     (no helmet)
rElec  .         Spirit   .     (no cloak)
rCorr  .         Warding  .     (no gloves)
rMut   .         Stasis   .     (no boots)
MR     .....                    (no amulet)
Stlth  ++........               (no ring)
                                (no ring)

@: lethally poisoned (-1 -> -4), regenerating slowly, not resistant to hostile
enchantments, unstealthy
A: bottle blood, fangs 3, see invisible, unbreathing
a: Bat Form, Receive Corpses, Renounce Religion


You were on level 5 of the Dungeon.
You worshipped Kikubaaqudgha.
Kikubaaqudgha was pleased with you.
You were thirsty.

You visited 2 branches of the dungeon, and saw 6 of its levels.

You collected 255 gold pieces.

Inventory:

Hand weapons
 a - a +0 short sword
 j - a +0 blowgun
 p - a +0 rapier
 B - a +0 hunting sling
 I - a +0 falchion
 L - a +0 giant spiked club
 N - a +0 whip
 S - a +2 halberd of venom (weapon)
 U - a +0 flail
Missiles
 k - 14 arrows of dispersal
 r - 32 poisoned needles
 u - 7 arrows
 F - 5 curare-tipped needles
Armour
 b - a +0 leather armour
 h - a +1 plate armour of magic resistance
 i - a +2 chain mail of poison resistance
 l - a +2 large shield
 t - a +0 centaur barding
 C - a +0 ring mail
 J - a +0 robe (worn)
 M - a +0 robe
Jewellery
 q - a +4 ring of intelligence {unknown}
 H - an uncursed ring of protection from cold {unknown}
 O - a +3 ring of protection {unknown}
Magical devices
 w - a wand of slowing (23)
 R - a wand of digging (18)
Scrolls
 e - a scroll of noise {unknown}
 f - 5 scrolls of identify {unknown}
 g - 5 scrolls of remove curse {unknown}
 n - 3 scrolls of teleportation {unknown}
 o - 2 scrolls of enchant weapon {unknown}
 y - 2 scrolls of recharging {unknown}
Potions
 d - 14 potions of blood
 m - a potion of beneficial mutation {unknown}
 v - a potion of berserk rage {unknown}
 x - a potion of agility {unknown}
 z - a potion of lignification {unknown}
 A - 2 potions of might {unknown}
 E - 2 potions of restore abilities {unknown}
 K - a potion of curing {unknown}
 Q - a potion of flight {unknown}
 T - a potion of degeneration {unknown}
Books
 c - a book of Battle

   Spells                             Type                      Level
   a - Infusion                       Charms                       1
   b - Shroud of Golubria             Charms/Translocation         2
   c - Song of Slaying                Charms                       2
   d - Spectral Weapon                Hexes/Charms                 3
   e - Regeneration                   Charms/Necromancy            3
 G - Kikubaaqudgha's Papyrus of Necromancy
   (Kikubaaqudgha gifted it to you on level 3 of the Dungeon)

   Spells                             Type                      Level
   a - Pain                           Necromancy                   1
   b - Corpse Rot                     Necromancy                   2
   c - Sublimation of Blood           Necromancy                   2
   d - Vampiric Draining              Necromancy                   3
   e - Control Undead                 Necromancy                   4
 P - a book of Minor Magic

   Spells                             Type                      Level
   a - Magic Dart                     Conjuration                  1
   b - Blink                          Translocation                2
   c - Call Imp                       Summoning                    2
   d - Repel Missiles                 Charms/Air                   2
   e - Slow                           Hexes                        2
   f - Conjure Flame                  Conjuration/Fire             3
   g - Mephitic Cloud                 Conjuration/Poison/Air       3
Comestibles
 s - 2 bread rations
 D - a fruit


   Skills:
 + Level 3.3 Fighting
 + Level 3.3 Short Blades
 + Level 0.3 Polearms
 + Level 1.9 Throwing
 + Level 2.4 Armour
 + Level 4.3 Dodging
 + Level 2.5 Stealth
 + Level 1.7 Shields
 + Level 2.7 Spellcasting
 + Level 4.1 Charms
 + Level 1.3 Necromancy


You had 6 spell levels left.
You knew the following spells:

 Your Spells              Type           Power        Failure   Level  Hunger
a - Infusion              Chrm           ##....       4%          1    #......
b - Pain                  Necr           #...         12%         1    #......
c - Shroud of Golubria    Chrm/Tloc      #.........   14%         2    ##.....
d - Magic Dart            Conj           #...         21%         1    #......


Dungeon Overview and Level Annotations

Branches:
Dungeon (5/15)             Temple (1/1) D:5

Altars:
Ashenzari
Cheibriados
Dithmenos
Elyvilon
Fedhas
Gozag
Kikubaaqudgha
Makhleb
Nemelex Xobeh
Okawaru
Qazlal
Ru
Sif Muna
Trog
Vehumet
Xom
Yredelemnul
Zin


Innate Abilities, Weirdness & Mutations

You heal slowly.
You can bottle blood from corpses.
You have razor-sharp teeth.
You have supernaturally acute eyesight.
You can survive without breathing.


Message History

Confirm with . or Enter, or press ? or * to list all spells.
Okay, then.
Memorise Blink, consuming 2 spell levels and leaving 4?
Your memorisation is interrupted.
You feel sick. The adder bites you but does no damage.
The adder completely misses you.
You hit the adder!
You kill the adder!
The adder's corpse disappears in a puff of smoke!
The adder bites you. The gnoll misses you. The adder bites you.
* * * LOW HITPOINT WARNING * * *
You puncture the gnoll!!
You kill the gnoll!
Kikubaaqudgha accepts your kill. The gnoll barely misses you.
The adder misses you.
The gnoll hits you from afar with a spear.
* * * LOW HITPOINT WARNING * * *
The adder closely misses you.
You feel sick. The gnoll hits you with a spear!
You die...
Kikubaaqudgha rasps: "You have failed me!
Welcome... oblivion!"

#.....# ##.....### #......(
#.....#######...##.# ###..#.#
#.....##...)...###... #.##.#
#........####.## ###.# ##.##..
#.....#### #.# ..# ##......
#....)# #.# #.###..##..# #....)#
#.# #..#......## #<....##
##.#######.......#.#
#####..#####).g@Sg.gg......##.##
####........#####g###..####.##
#....#.###.######.###.....#...
####.............................
.............g..................P
≈≈≈≈≈≈≈≈≈≈≈..g(≈≈≈≈≈≈≈≈≈≈≈≈≈≈≈≈≈≈
≈≈≈≈≈≈≈≈≈≈≈....≈≈≈≈≈≈≈≈≈≈≈≈≈≈≈≈≈≈
≈≈≈≈≈≈≈≈≈≈≈....≈≈≈≈≈≈≈≈≈≈≈≈#####≈
...........))..............#...#≈


You could see a gnoll shaman, 4 gnolls and an adder.

Vanquished Creatures
  A phantom (D:4)
  An ogre (D:4)
  A centaur zombie (D:5)
  2 iguanas (D:4)
  A hound (D:4)
  2 orc wizards (D:3)
  2 worker ants
  Terence (D:3)
  12 gnolls (D:5)
  14 adders
  2 giant mites
  3 worms
  5 giant geckos
  5 orcs
  3 ball pythons
  15 bats
  2 bat zombies
  14 goblins
  7 hobgoblins
  25 jackals
  9 kobolds
  5 quokkas
  A giant cockroach (D:4)
  7 giant newts
  A quokka skeleton (D:4)
  10 rats
  A spectral orc (D:2)
152 creatures vanquished.

Notes
Turn   | Place    | Note
--------------------------------------------------------------
     0 | D:1      | maniek23, the Vampire Skald, began the quest for the Orb.
     0 | D:1      | Reached XP level 1. HP: 16/16 MP: 3/3
   451 | D:1      | Reached XP level 2. HP: 19/22 MP: 4/4
   793 | D:2      | Reached skill level 1 in Armour
   793 | D:2      | Reached skill level 4 in Charms
   793 | D:2      | Reached XP level 3. HP: 13/27 MP: 6/6
   989 | D:2      | Found an ancient bone altar of Kikubaaqudgha.
  1878 | D:2      | Became a worshipper of Kikubaaqudgha
  2050 | D:2      | Reached XP level 4. HP: 26/33 MP: 8/8
  2602 | D:2      | Found a sacrificial altar of Ru.
  2736 | D:3      | Noticed Terence
  3633 | D:2      | Found a basalt altar of Yredelemnul.
  3780 | D:3      | Found an opulent altar of Gozag.
  3942 | D:3      | Killed Terence
  3942 | D:3      | Acquired Kikubaaqudgha's first power
  3942 | D:3      | Received a gift from Kikubaaqudgha
  3948 | D:3      | Identified Kikubaaqudgha's Papyrus of Necromancy (Kikubaaqudgha gifted it to you on level 3 of the Dungeon)
  4013 | D:3      | Reached XP level 5. HP: 22/39 MP: 9/9
  4555 | D:3      | Learned a level 1 spell: Pain
  4619 | D:3      | Found a burning altar of Makhleb.
  4663 | D:3      | Reached skill level 1 in Shields
  5792 | D:4      | Found a blossoming altar of Fedhas.
  6417 | D:4      | Learned a level 2 spell: Shroud of Golubria
  6546 | D:4      | Reached XP level 6. HP: 19/46 MP: 11/11
  7042 | D:4      | Noticed an ogre
  7701 | D:4      | Killed an ogre
  7701 | D:4      | Reached skill level 1 in Stealth
  8199 | D:4      | Reached skill level 1 in Throwing
  8236 | D:4      | Reached XP level 7. HP: 17/52 MP: 12/12
  9278 | D:5      | Entered Level 5 of the Dungeon
  9278 | D:5      | Found a staircase to the Ecumenical Temple.
  9426 | Temple   | Entered the Ecumenical Temple
 10055 | D:5      | Acquired Kikubaaqudgha's second power
 10904 | D:5      | Learned a level 1 spell: Magic Dart
 11225 | D:5      | Reached skill level 1 in Necromancy
 11516 | D:5      | Slain by a gnoll

Action                   |  1- 3 |  4- 6 |  7- 9 || total
-------------------------+-------+-------+-------++-------
Melee: Short sword       |   130 |   271 |       ||   401
       Unarmed           |       |     2 |    11 ||    13
       Rapier            |       |    96 |    39 ||   135
       Halberd           |       |       |    30 ||    30
 Fire: Blowgun           |       |    23 |    55 ||    78
 Cast: Pain              |       |     5 |    14 ||    19
       Infusion          |       |     1 |       ||     1
       Magic Dart        |       |       |     5 ||     5
       Shroud of Golubri |       |       |     1 ||     1
 Abil: End Transformatio |     1 |    12 |    10 ||    23
       Bat Form          |     1 |    12 |    10 ||    23
  Use: Potion            |     2 |    12 |     6 ||    20
 Stab: Sleeping          |       |       |     3 ||     3
       Distracted        |       |       |     1 ||     1
